AoeStats
← Lord Laggington

Socotra

504859527Analyzed
2v2 RM · 2mo ago on Sep 6, 2026· 26m 27s· 4 players
Game mode
Random Map
Map size
Tiny (2 player)
Population
200
Speed
Normal
Resources
Standard
Victory
Conquest
Starting age
Dark Age
Ending age
Imperial Age
RankedLock teamsTeams togetherTeam positionsShared explorationLock speedFull tech treeHidden civsTurbo modeCheats
Victory
Defeat
🇩🇪 Bohemians · Germany
987
+16
🇩🇪 Portuguese · Germany
985
+16
vs
🇦🇷 Bulgarians · Argentina
984
-16
🇦🇷 Italians · Argentina
980
-16
Ryuk7950
7:42 Loom
10:28 Feudal Age
10:37 Man-at-Arms
13:34 Double-Bit Axe
17:58 Fletching
21:23 Castle Age
21:21 Gold Mining
21:30 Crossbowman
22:15 Thumb Ring
22:32 Bow Saw
22:36 Elite Skirmisher
23:45 Squires
WillJPH28
10:22 Feudal Age
12:06 Double-Bit Axe
13:49 Scale Mail Armor
14:01 Forging
21:11 Castle Age
19:52 Gold Mining
22:17 Squires
26:14 Husbandry
Lord Laggington
5:10 Loom
8:22 Loom
12:03 Feudal Age
16:53 Castle Age
15:50 Horse Collar
15:57 Double-Bit Axe
20:13 Bow Saw
21:52 Wheelbarrow
21:03 Town Watch
novusb4
7:37 Loom
11:09 Feudal Age
15:48 Castle Age
15:35 Double-Bit Axe
Connection lost

Rejoining the realm…

Still unreachable

The connection could not be restored.

Session expired

The server has moved on; the page needs a fresh start.